 Dungeon Crawl Stone Soup version 0.25-a0-516-g7d600cd9ad (webtiles) character file.

Game seed: 6395229220120880210, levelgen mode: deterministic

93 Emblim88 the Ruffian (level 4, -5/45 HPs)
             Began as a Troll Monk on Feb 17, 2020.
             Slain by an ogre
             ... wielding a +0 giant club
              (14 damage)
             ... on level 2 of the Dungeon.
             The game lasted 00:01:54 (826 turns).

Emblim88 the Ruffian (Troll Monk)                    Turns: 826, Time: 00:01:54

Health: -5/45      AC:  8    Str: 20    XL:     4   Next: 36%
Magic:  3/3        EV: 11    Int:  6    God:
Gold:   96         SH:  0    Dex: 12    Spells: 3/3 levels left

rFire    . . .     SeeInvis .     - Unarmed
rCold    . . .     Gourm    +   (no shield)
rNeg     . . .     Faith    .   n - +2 robe {MR+}
rPois    .         Spirit   .   (helmet restricted)
rElec    .         Reflect  .   (no cloak)
rCorr    .         Harm     .   (gloves unavailable)
MR       +....                  (boots unavailable)
Stlth    ++........             (no amulet)
HPRegen  0.55/turn              (no ring)
MPRegen  0.08/turn              (no ring)

@: no status effects
A: large, unfitting armour, claws 3, fast metabolism 3, gourmand, regeneration
1, shaggy fur 1, tough skin 3
a: no special abilities


You were on level 2 of the Dungeon.
You were completely stuffed.

You visited 1 branch of the dungeon, and saw 2 of its levels.

You collected 96 gold pieces.

Inventory:

Armour
 n - a +2 robe of magic resistance (worn)
Scrolls
 e - a scroll of remove curse
 f - a scroll of enchant armour {unknown}
 h - a scroll of amnesia
 j - 2 scrolls of noise {unknown}
 k - a scroll of teleportation
 l - 2 scrolls of enchant weapon
 m - a scroll of immolation {unknown}
Potions
 c - a potion of lignification {unknown}
 d - a potion of brilliance {unknown}
Comestibles
 b - 4 rations
 i - 2 chunks of flesh


   Skills:
 + Level 3.0 Fighting
 + Level 3.0 Dodging
 - Level 1.0 Stealth
 * Level 4.2 Unarmed Combat


You had 3 spell levels left.
You didn't know any spells.
Your spell library was empty.

Dungeon Overview and Level Annotations

Branches:
Dungeon (2/15)

Altars:


Innate Abilities, Weirdness & Mutations

You are too large for most types of armour.
You have claws for hands.
Your metabolism is lightning-fast.
You like to eat raw meat.
Your natural rate of healing is unusually fast.
You are covered in fur. (AC +1)
You have extremely tough skin. (AC +3)


Message History

You are too injured to fight recklessly!
You are too injured to fight recklessly!
You are too injured to fight recklessly!
You are too injured to fight recklessly!
You are too injured to fight recklessly!
You are too injured to fight recklessly!
You are too injured to fight recklessly!
You are too injured to fight recklessly!
You are too injured to fight recklessly!
You are too injured to fight recklessly!
You barely miss the goblin. The goblin hits you.
* * * LOW HITPOINT WARNING * * *
The goblin barely misses you. The goblin hits you with a +0 dagger.
* * * LOW HITPOINT WARNING * * *
The ogre barely misses you.
You closely miss the goblin. The goblin misses you.
The goblin barely misses you. The goblin hits you but does no damage.
You closely miss the goblin. You claw the goblin, but do no damage.
The ogre hits you with a +0 giant club!
You die...

##...## #.
##.## ##.
#.# #.. #.#
#.# #.# #.#
#"# #.# #)#
#.#
#########.#
#.#
......O@g.#
##†#
......gg..#
#...
.#.####..##
##[# #..#
### #..#
#..# #..#
## #..# #.
########.


You could see an ogre and 3 goblins.

Vanquished Creatures
  Jessica (D:2)
  Robin (D:2)
  2 adders (D:2)
  2 ball pythons
  A giant cockroach (D:1)
  12 goblins
  4 hobgoblins
  2 bats
  7 frilled lizards
  4 kobolds (D:1)
  3 rats (D:1)
39 creatures vanquished.

Notes
Turn   | Place    | Note
-------+----------+-------------------------------------------
     0 | D:1      | Emblim88 the Troll Monk began the quest for the Orb.
     0 | D:1      | Reached XP level 1. HP: 22/22 MP: 0/0
   172 | D:1      | Reached XP level 2. HP: 25/29 MP: 1/1
   596 | D:2      | Reached XP level 3. HP: 36/36 MP: 2/2
   710 | D:2      | Noticed Jessica
   722 | D:2      | Killed Jessica
   722 | D:2      | Reached skill level 4 in Unarmed Combat
   722 | D:2      | Reached XP level 4. HP: 44/44 MP: 3/3
   793 | D:2      | Noticed Robin
   800 | D:2      | Killed Robin
   816 | D:2      | Noticed an ogre
   826 | D:2      | Slain by an ogre

Levels and vault maps discovered:
D:1:      dpeg_arrival_pond, layout_rooms
D:2:      layout_loops_ring, first_ration, uniq_robin, uniq_jessica

Skill      XL: |  1  2  3  4 |
---------------+-------------+-----
Unarmed Combat | 4 |  4.2
Dodging        | 3 |  3.0
Fighting       | 3 |  3.0
Stealth        | |  1.0

Action                   |  1- 3 |  4- 6 || total
-------------------------+-------+-------++-------
Melee: Unarmed           |    61 |    38 ||    99
       Punch             |       |     1 ||     1
  Use: Scroll            |       |     4 ||     4
  Eat: Chunk             |    12 |     1 ||    13
Armor: Robe              |    22 |    25 ||    47
Dodge: Dodged            |    28 |    49 ||    77

Table legend:
 A = Non-vault XP
 B = Vault XP
 C = Vault XP percentage of total XP
 D = Non-vault monster count
 E = Vault monster count
 F = Vault count percentage of total count
                 A         B        C        D         E       F
            +---------+---------+-------+---------+---------+-------
      Total |      65 |      68 |  51.1 |      29 |      10 |  25.6
            +---------+---------+-------+---------+---------+-------
        D:1 |      29 |       0 |   0.0 |      20 |       0 |   0.0
        D:2 |      36 |      68 |  65.4 |       9 |      10 |  52.6
            +---------+---------+-------+---------+---------+-------
